 Dungeon Crawl Stone Soup version 0.22-a0-283-g1871b15 (webtiles) character file.

65 matakusis the Caller (level 3, -3/19 HPs)
             Began as a Deep Elf Summoner on Mar 19, 2018.
             Splashed by Ijyb's acid (15 damage)
             ... on level 3 of the Dungeon.
             The game lasted 00:10:10 (2351 turns).

matakusis the Caller (Deep Elf Summoner)            Turns: 2351, Time: 00:10:10

Health: -3/19      AC:  4    Str:  5    XL:     3   Next: 92%
Magic:  7/10       EV: 13    Int: 20    God:
Gold:   106        SH:  0    Dex: 15    Spells: 7/10 levels left

rFire    . . .     SeeInvis .   (no weapon)
rCold    . . .     Gourm    .   (no shield)
rNeg     . . .     Faith    .   a - +1 robe
rPois    .         Spirit   .   (no helmet)
rElec    .         Reflect  .   (no cloak)
rCorr    .         Harm     .   (no gloves)
MR       .....                  l - +0 pair of boots
Stlth    ++........             e - amulet of magic regeneration
HPRegen  0.06/turn              g - ring of flight
MPRegen  0.37/turn              (no ring)

@: no status effects
A: no striking features
a: Evoke Flight


You were on level 3 of the Dungeon.
You were not hungry.

You visited 1 branch of the dungeon, and saw 3 of its levels.

You collected 106 gold pieces.

Inventory:

Missiles
 b - 14 arrows
Armour
 a - a +1 robe (worn)
 l - a +0 pair of boots (worn)
Jewellery
 e - an amulet of magic regeneration (around neck)
 g - a ring of flight (left hand)
Scrolls
 h - 2 scrolls of amnesia
 i - a scroll of immolation {unknown}
 k - 8 scrolls of teleportation
Potions
 d - a potion of degeneration
 f - 3 potions of brilliance
 m - a potion of invisibility {unknown}
Comestibles
 c - 4 rations
 j - 5 chunks of flesh


   Skills:
 - Level 2.4 Dodging
 - Level 2.4 Stealth
 + Level 4.0 Spellcasting
 * Level 5.7 Summonings


You had 7 spell levels left.
You knew the following spells:

 Your Spells              Type           Power        Failure   Level  Hunger
a - Summon Small Mammal   Summ           ####         1%          1    None
b - Call Imp              Summ           ####....     1%          2    #......


Dungeon Overview and Level Annotations

Branches:
Dungeon (3/15)

Altars:
Ru
Trog
Wu Jian

Annotations:
D:3 Ijyb


Message History

What are your orders? t - Shout!
Orders for allies: a - Attack new target. p - Attack previous target. r - Retreat! s - Stop attacking. g - Guard the area. f - Follow me.
Anything else - Cancel.
Gang up on whom?
Press: ? - help, Dir - move target cursor, f/p - Ijyb
Aim: Ijyb, wielding an enchanted club and wearing a scale mail Attack!
Your crimson imp disappears in a puff of smoke!
Your crimson imp hits the goblin.
The goblin dies!
Your Spellcasting skill increases to level 4!
Unknown command.
Your white imp hits Ijyb but does no damage.
Ijyb zaps a wand.
The bolt of acid hits you!
You are splashed with acid!
The acid burns!
Ouch! That really hurt!
You die...

##########
#...'.....
#...'..... #.)†#
#.g5##########
#.5..........#
#@...........#
##'##.....##
#...#.)...#
#...#.....#
#...#..)..#
##'##.....##+##..≈
#...#..5..#......≈
#...#.(((.#..).?≈≈
#≈≈ #.....#≈≈≈≈≈≈≈


You could see Ijyb, a friendly crimson imp and a friendly white imp.

Vanquished Creatures
  2 goblins
2 creatures vanquished.

Vanquished Creatures (collateral kills)
  2 adders (D:2)
  A shadow imp (D:3)
  An ooze (D:1)
  2 dart slugs
  2 leopard geckos (D:2)
  An orc (D:3)
  3 giant cockroaches
  8 goblins
  5 hobgoblins
  6 jackals
  7 kobolds
  2 quokkas (D:2)
  2 ball pythons (D:3)
  4 bats
  12 frilled lizards
  6 rats
64 creatures vanquished.

Grand Total: 66 creatures vanquished

Notes
Turn   | Place    | Note
-------+----------+-------------------------------------------
     0 | D:1      | matakusis the Deep Elf Summoner began the quest for the Orb.
     0 | D:1      | Reached XP level 1. HP: 10/10 MP: 6/6
   436 | D:1      | Reached XP level 2. HP: 15/15 MP: 6/8
   458 | D:1      | Learned a level 2 spell: Call Imp
   953 | D:2      | Reached skill level 5 in Summonings
  1034 | D:2      | Found an ornate altar of the Wu Jian Council.
  1034 | D:2      | Found a faded altar of an unknown god.
  1041 | D:2      | Found a bloodstained altar of Trog.
  1043 | D:2      | Found a faded altar of an unknown god.
  1048 | D:2      | Found a sacrificial altar of Ru.
  1205 | D:2      | Reached XP level 3. HP: 18/19 MP: 9/9
  2341 | D:3      | Noticed Ijyb
  2351 | D:3      | Splashed by Ijyb's acid

Vault maps used:
D:1:      moated_graveyard_arrival, minivault_23, hangedman_decor_opposing,
          roderic_lattice_a
D:2:      chequers_temple_overflow_minitemple, minmay_lizard_pond
D:3:      kennysheep_goblin_castle, lemuel_crystal_altar

Skill      XL: |  1  2  3 |
---------------+----------+-----
Summonings     | 5 |  5.7
Spellcasting   | 4 |  4.0
Dodging        | |  2.4
Stealth        | |  2.4

Action                   || total
-------------------------++-------
Melee: Unarmed           ||    12
 Cast: Summon Small Mamm ||    21
       Call Imp          ||    56
  Use: Scroll            ||     9
       Potion            ||     2
  Eat: Chunk             ||     6
Armor: Robe              ||    12
Dodge: Dodged            ||    31

Table legend:
 A = Spawn XP
 B = Non-spawn XP
 C = Spawn XP percentage of total XP
 D = Spawn monster count
 E = Non-spawn monster count
 F = Spawn count percentage of total count
 G = Total turns spent on level
                    A         B        C        D         E        F      G
               +---------+---------+-------+---------+---------+-------+---------
         Total |       0 |      93 |   0.0 |       0 |      66 |   0.0 |  2351
               +---------+---------+-------+---------+---------+-------+---------
           D:1 |       0 |      16 |   0.0 |       0 |      11 |   0.0 |   907
           D:2 |       0 |      46 |   0.0 |       0 |      31 |   0.0 |   853
           D:3 |       0 |      31 |   0.0 |       0 |      24 |   0.0 |   591
               +---------+---------+-------+---------+---------+-------+---------
